 Dungeon Crawl Stone Soup version 0.22-a0-525-gf69a080 (webtiles) character file.

5966 alejandrohts the Carver (level 10, -17/79 HPs)
             Began as a Demonspawn Berserker on June 21, 2018.
             Was an Elder of Trog.
             Demolished by a death yak (23 damage)
             ... on level 10 of the Dungeon.
             The game lasted 00:57:09 (8255 turns).

alejandrohts the Carver (Demonspawn Berserker)      Turns: 8255, Time: 00:57:10

Health: -17/79     AC: 17    Str: 19    XL:     10   Next: 55%
Magic:  10/10      EV: 15    Int:  9    God:    Trog [****..]
Gold:   514        SH: 14    Dex: 19    Spells: 9/9 levels left

rFire    x . .     SeeInvis .   a - +2 falchion
rCold    + + .     Gourm    .   b - +0 large shield
rNeg     . . .     Faith    .   w - +3 ring mail
rPois    .         Spirit   .   n - +2 helmet
rElec    .         Reflect  .   h - +0 cloak
rCorr    .         Harm     .   y - +0 pair of gloves
MR       ++...                  (no boots)
Stlth    +++.......             (no amulet)
HPRegen  1.23/turn              f - ring of protection from cold
MPRegen  0.12/turn              l - ring of ice

@: agile, berserk cooldown, regenerating, slowed, very slow
A: slimy green scales 1, mutation resistance 1, powered by pain 2, spiny 1
a: Berserk, Trog's Hand, Brothers in Arms, Renounce Religion


You were on level 10 of the Dungeon.
You worshipped Trog.
Trog was greatly pleased with you.
You were very hungry.

You visited 2 branches of the dungeon, and saw 10 of its levels.

You collected 514 gold pieces.

Inventory:

Hand Weapons
 a - a +2 falchion (weapon)
 m - a +0 great sword
Missiles
 j - 4 javelins
 o - 4 tomahawks (quivered)
 E - a throwing net
Armour
 b - a +0 large shield (worn)
 h - a +0 cloak (worn)
 n - a +2 helmet (worn)
 w - a +3 ring mail (worn)
 y - a +0 pair of gloves (worn)
Jewellery
 e - an uncursed ring of magical power
 f - a ring of protection from cold (left hand)
 l - a ring of ice (right hand)
 t - an uncursed ring of magical power
Wands
 q - a wand of clouds (6)
 u - a wand of polymorph (7)
 z - a wand of iceblast (6)
Scrolls
 c - a scroll of enchant armour {unknown}
 i - 4 scrolls of identify
 r - 2 scrolls of teleportation
 v - a scroll of amnesia {unknown}
 A - 3 scrolls of remove curse
 B - 2 scrolls of brand weapon {unknown}
Potions
 d - a potion of heal wounds
 g - a potion of degeneration {unknown}
 p - a potion of agility {unknown}
 x - a potion of magic
Comestibles
 k - 2 chunks of flesh
 s - 9 rations


   Skills:
 + Level 7.4 Fighting
 + Level 10.0 Long Blades
 + Level 0.3 Throwing
 + Level 6.3 Armour
 + Level 5.1 Dodging
 + Level 1.6 Stealth
 + Level 4.0 Shields


You had 9 spell levels left.
You didn't know any spells.
Your spell library was empty.

Dungeon Overview and Level Annotations

Branches:
Dungeon (8/15)             Temple (1/1) D:7            Lair (0/6) D:10

Altars:
Ashenzari
Cheibriados
Dithmenos
Elyvilon
Fedhas
Gozag
Hepliaklqana
Kikubaaqudgha
Makhleb
Nemelex Xobeh
Okawaru
Qazlal
Ru
Sif Muna
Trog
Uskayaw
Vehumet
Wu Jian
Xom
Yredelemnul
Zin
The Shining One


Innate Abilities, Weirdness & Mutations

You are partially covered in slimy green scales. (AC +2)
You sometimes gain power by taking damage.
You are partially covered in sharp spines.
You are somewhat resistant to further mutation.


Message History

The death yak is almost dead.
You block the death yak's attack. x2
You slash the death yak!
You kill the death yak!
Trog accepts your kill.
Your Long Blades skill increases to level 10!
Your Shields skill increases to level 4!
The death yak gores you.
You hit the death yak.
The death yak is lightly wounded.
The death yak misses you.
You hit the death yak.
The death yak is lightly wounded.
The death yak is struck by your spines. The death yak gores you!!
* * * LOW HITPOINT WARNING * * *
You hit the death yak but do no damage.
The death yak is lightly wounded.
The death yak snorts and paws the ground.
The death yak gores you!!
You die...

....Y.......####
...Y.........(.
........#..#.##
...Y.........####
...............
.######Y##.####
#Y##.# #Y##.# #
#@##.# .#
#.#..####.### #
#.#..........
#.###............
..............#.###
###.##..........#
............###
#...........#
####..#.##..###


You could see 3 death yaks.

Vanquished Creatures
  2 death yaks (D:10)
  The ghost of operationiv the Cleaver, a novice MiBe of Trog (D:7)
  Pikel (D:6)
  The ghost of Smoke131 the Chucker, a novice OgBe of Trog (D:4)
  A troll (D:10)
  Prince Ribbit (D:6)
  A hippogriff (D:10)
  A spriggan (D:7)
  The ghost of gcassidy the Shield-Bearer, an amateur MiFi of Uskayaw (D:4)
  Eustachio (D:5)
  An ice beast (D:6)
  An orc warrior (D:5)
  3 sky beasts
  A slave (D:6)
  3 ogres
  The ghost of omnomnOMINOUS the Poker, an amateur MfMo (D:4)
  2 phantoms
  A centaur (D:7)
  2 bullfrogs
  A gnoll sergeant (D:6)
  2 wyvern zombies
  A water moccasin skeleton (D:7)
  2 scorpions (D:6)
  3 hounds
  A centaur skeleton (D:6)
  An orc priest (D:10)
  5 iguanas
  3 orc wizards
  Ijyb (D:3)
  8 worker ants
  A howler monkey zombie (D:7)
  8 gnolls
  15 adders
  4 shadow imps
  2 oozes (D:2)
  An adder skeleton (D:6)
  An adder zombie (D:7)
  6 worms
  3 dart slugs
  2 leopard geckos (D:7)
  36 orcs
  5 bats
  4 giant cockroaches
  6 goblins
  5 hobgoblins
  6 jackals
  8 kobolds
  3 quokkas
  2 ball pythons
  6 frilled lizards
  A leopard gecko skeleton (D:4)
  2 quokka skeletons
  8 rats
189 creatures vanquished.

Notes
Turn   | Place    | Note
-------+----------+-------------------------------------------
     0 | D:1      | alejandrohts the Demonspawn Berserker began the quest for the Orb.
     0 | D:1      | Reached XP level 1. HP: 18/18 MP: 1/1
   207 | D:1      | Gained mutation: You sometimes gain a little power by taking damage. [demonic ancestry]
   207 | D:1      | Reached XP level 2. HP: 21/24 MP: 2/2
   518 | D:1      | Reached skill level 3 in Long Blades
   708 | D:1      | Gained mutation: You sometimes gain power by taking damage. [demonic ancestry]
   708 | D:1      | Reached XP level 3. HP: 22/29 MP: 3/3
   802 | D:1      | Reached ** piety under Trog
  1802 | D:2      | Gained mutation: You are partially covered in slimy green scales. (AC +2) [demonic ancestry]
  1802 | D:2      | Reached XP level 4. HP: 30/37 MP: 4/4
  1942 | D:2      | Found a basalt altar of Yredelemnul.
  2583 | D:3      | Found a faded altar of an unknown god.
  2599 | D:3      | Noticed Ijyb
  2615 | D:3      | Killed Ijyb
  2720 | D:3      | Found a white marble altar of Elyvilon.
  2744 | D:3      | Reached XP level 5. HP: 40/42 MP: 5/5
  2951 | D:3      | Reached skill level 4 in Long Blades
  3080 | D:3      | Reached *** piety under Trog
  3191 | D:3      | Found a glowing silver altar of Zin.
  3485 | D:4      | Reached XP level 6. HP: 29/48 MP: 6/6
  3872 | D:4      | Found a runed gate.
  3875 | D:4      | Found a runed gate.
  3876 | D:4      | Found a runed gate.
  3877 | D:4      | Noticed gcassidy's ghost (amateur MiFi)
  3878 | D:4      | Noticed Smoke131's ghost (novice OgBe)
  3878 | D:4      | Noticed omnomnOMINOUS's ghost (amateur MfMo)
  3925 | D:4      | Killed Smoke131's ghost
  3925 | D:4      | Reached skill level 5 in Long Blades
  3925 | D:4      | Reached skill level 1 in Stealth
  3925 | D:4      | Reached XP level 7. HP: 51/55 MP: 7/7
  3938 | D:4      | Killed gcassidy's ghost
  3938 | D:4      | Reached skill level 5 in Fighting
  3938 | D:4      | Reached skill level 6 in Long Blades
  3949 | D:4      | Killed omnomnOMINOUS's ghost
  3949 | D:4      | Reached XP level 8. HP: 14/62 MP: 8/8
  4422 | D:5      | Entered Level 5 of the Dungeon
  4465 | D:5      | Found a shattered altar of Ashenzari.
  4967 | D:5      | Noticed Eustachio
  4995 | D:5      | Killed Eustachio
  4995 | D:5      | Reached skill level 7 in Long Blades
  5341 | D:5      | Gained mutation: You are somewhat resistant to further mutation. [potion of mutation]
  5388 | D:5      | Reached **** piety under Trog
  5735 | D:6      | Reached skill level 5 in Armour
  6162 | D:6      | Gained mutation: You are partially covered in sharp spines. [demonic ancestry]
  6162 | D:6      | Reached XP level 9. HP: 69/69 MP: 9/9
  6251 | D:6      | Noticed Pikel
  6289 | D:6      | Killed Pikel
  6289 | D:6      | Reached skill level 8 in Long Blades
  6413 | D:6      | Found an iron altar of Okawaru.
  6416 | D:6      | Found a sacrificial altar of Ru.
  6419 | D:6      | Found an ancient bone altar of Kikubaaqudgha.
  6419 | D:6      | Noticed Prince Ribbit
  6430 | D:6      | Killed Prince Ribbit
  6430 | D:6      | Reached skill level 1 in Shields
  6437 | D:6      | Found a hide-covered altar of Uskayaw.
  6897 | D:7      | Reached skill level 9 in Long Blades
  6943 | D:7      | Found a stormy altar of Qazlal.
  7346 | D:7      | Found a runed door.
  7346 | D:7      | Noticed operationiv's ghost (novice MiBe)
  7364 | D:7      | Killed operationiv's ghost
  7364 | D:7      | Reached XP level 10. HP: 74/77 MP: 10/10
  7416 | D:7      | Found a staircase to the Ecumenical Temple.
  7425 | Temple   | Entered the Ecumenical Temple
  7813 | D:8      | You fall through a shaft for 2 floors!
  7813 | D:10     | Entered Level 10 of the Dungeon
  7813 | D:10     | Found a staircase to the Lair.
  7813 | D:10     | Noticed a death yak
  7813 | D:10     | Noticed a death yak
  7814 | D:10     | Noticed a death yak
  7814 | D:10     | Noticed a death yak
  7816 | D:10     | Noticed a death yak
  7943 | D:10     | Reached ***** piety under Trog
  8232 | D:10     | Killed a death yak
  8232 | D:10     | Reached skill level 5 in Dodging
  8252 | D:10     | Killed a death yak
  8252 | D:10     | Reached skill level 10 in Long Blades
  8255 | D:10     | Demolished by a death yak

Vault maps used:
D:1:      minmay_arrival_doors, minivault_26
D:2:      kennysheep_big_flooded_room, yredelemnul_altar_generic,
          hangedman_decor_clover_reticule
D:3:      zin_treasury, chequers_ecumenical_altar_twisty,
          minmay_misc_feat_alley, elyvilon_altar_5, uniq_ijyb
D:4:      first_ration, gammafunk_ghost_cemetery, grunt_ministairs_4
D:5:      old_standard_altar, uniq_eustachio
D:6:      grunt_temple_overflow_cloverleaf, small_statue_intersection,
          uniq_prince_ribbit1, uniq_pikel
D:7:      nicolae_qazlal_eye_of_the_storm, minmay_temple_entry_mist,
          gammafunk_ghost_grave, the_bakery, minmay_statues_item
D:8:      basic_altar
D:10:     dpeg_lair_monsters, kennysheep_generic_room_9
Temple:   zaba_magenta_temple

Skill      XL: |  1  2  3  4  5  6  7  8  9 10 |
---------------+-------------------------------+-----
Long Blades    | 3 4 5 6 7 9 10 | 10.0
Armour         | 2 4 5 6 |  6.3
Dodging        | 2 3 4 5 |  5.1
Fighting       | 4 5 6 7 |  7.4
Stealth        | 1 |  1.6
Shields        | 2 4 |  4.0
Throwing       | |  0.3

Action                   |  1- 3 |  4- 6 |  7- 9 | 10-12 || total
-------------------------+-------+-------+-------+-------++-------
Melee: Falchion          |   106 |   226 |   475 |   108 ||   915
Throw: Tomahawk          |       |       |     3 |       ||     3
Invok: Berserk           |     1 |     2 |     6 |     1 ||    10
       Trog's Hand       |       |     1 |     1 |     2 ||     4
  Use: Scroll            |     2 |     7 |     5 |     1 ||    15
       Potion            |       |     1 |    13 |       ||    14
  Eat: Ration            |     1 |     1 |     4 |       ||     6
       Chunk             |     1 |     4 |     8 |     1 ||    14
Armor: Chain mail        |    55 |       |       |       ||    55
       Leather armour    |     1 |       |       |       ||     1
       Animal skin       |     1 |       |       |       ||     1
       Scale mail        |    21 |    44 |       |       ||    65
       Ring mail         |       |    54 |   207 |    29 ||   290
Dodge: Dodged            |    68 |   107 |   218 |    21 ||   414
Block: Large shield      |       |       |    82 |    54 ||   136
       Rpst.: Falchion   |    22 |    43 |    73 |     4 ||   142

Table legend:
 A = Spawn XP
 B = Non-spawn XP
 C = Spawn XP percentage of total XP
 D = Spawn monster count
 E = Non-spawn monster count
 F = Spawn count percentage of total count
 G = Total turns spent on level
                    A         B        C        D         E        F      G
               +---------+---------+-------+---------+---------+-------+---------
         Total |       0 |    8524 |   0.0 |       0 |     188 |   0.0 |  8255
               +---------+---------+-------+---------+---------+-------+---------
           D:1 |       0 |      62 |   0.0 |       0 |      23 |   0.0 |   980
           D:2 |       0 |      62 |   0.0 |       0 |      21 |   0.0 |  1449
           D:3 |       0 |     246 |   0.0 |       0 |      33 |   0.0 |  1066
           D:4 |       0 |    1174 |   0.0 |       0 |      22 |   0.0 |   927
           D:5 |       0 |     695 |   0.0 |       0 |      21 |   0.0 |   964
           D:6 |       0 |    1930 |   0.0 |       0 |      31 |   0.0 |  1400
           D:7 |       0 |    1748 |   0.0 |       0 |      21 |   0.0 |   865
           D:8 |       0 |      45 |   0.0 |       0 |       4 |   0.0 |    54
          D:10 |       0 |    2562 |   0.0 |       0 |      12 |   0.0 |   442
               +---------+---------+-------+---------+---------+-------+---------
